 Dungeon Crawl Stone Soup version 0.31-a0-920-g28cbb04a8c (webtiles) character file.

Game seed: 14981556418093235645

17445 croobank the Covert (level 11, -1/93 HPs)
             Began as a Demigod Delver on Oct 17, 2023.
             Slain by a wolf (8 damage)
             ... in a Gauntlet.
             The game lasted 01:41:49 (19415 turns).

croobank the Covert (Demigod Delver)               Turns: 19415, Time: 01:41:49

Health: -1/93      AC: 17    Str: 13    XL:     11   Next: 91%
Magic:  11/24      EV: 11    Int: 24    God:
Gold:   238        SH:  5    Dex: 15    Spells: 17/22 levels left

rFire   + . .        y - +3 dagger (holy)
rCold   + + .        C - +0 buckler
rNeg    . . .        j - +7 Kryia's mail coat {PotionHeal*2 rC+}
rPois   +            t - +1 helmet
rElec   .            (no cloak)
rCorr   +            i - +1 pair of gloves
SInv    .            (no boots)
Will    .....        (no amulet)
Stlth   +++          P - ring of the Ancients {rPois rF+ rC+}
HPRegen 0.35/turn    s - ring of resist corrosion
MPRegen 0.19/turn

%: no teleportation
@: mighty, confusing by touch, weak-willed
A: high MP 1, forlorn, divine attributes
a: no special abilities


You were in a Gauntlet.
You visited 2 branches of the dungeon, and saw 14 of its levels.
You also visited: Gauntlet.

You collected 1311 gold pieces.
You spent 1073 gold pieces at shops.

Inventory:

Hand Weapons
 o - the +0 rapier "Vahonijo" {heavy, rElec rPois rF+ Dex-4}
   (You found it on level 5 of the Dungeon)

   Dex-4:     It affects your dexterity (-4).
   rF+:       It protects you from fire.
   rElec:     It insulates you from electricity.
   rPois:     It protects you from poison
 q - a +5 flail
 y - a +3 dagger of holy wrath (weapon)
 F - a +1 sling of freezing
 K - a +4 dagger
 L - a +2 scimitar of flaming
 N - a +2 trident of protection
 O - a +0 long sword of flaming
 T - a +4 dagger of chaos
Missiles
 r - 9 poisoned darts
 x - 4 boomerangs (quivered)
 S - a curare-tipped dart
Armour
 a - a +2 pair of boots of rampaging
 i - a +1 pair of gloves (worn)
 j - the +7 Kryia's mail coat (worn) {PotionHeal*2 rC+}
   (You acquired it on level 4 of the Dungeon)

   PotionHeal*2: Potions heal its wearer twice as much.
   rC+:       It protects you from cold.
 t - a +1 helmet (worn)
 C - a +0 buckler (worn)
 I - a +0 kite shield
Magical Staves
 e - a staff of fire
 H - a staff of cold
Jewellery
 s - a ring of resist corrosion (right hand)
 z - a +6 ring of strength
 G - a ring of protection from cold
 P - the ring of the Ancients (left hand) {rPois rF+ rC+}
   (You bought it in a shop on level 10 of the Dungeon)

   [ring of poison resistance]

   rF+:       It protects you from fire.
   rC+:       It protects you from cold.
   rPois:     It protects you from poison
Talismans
 v - a granite talisman
Wands
 d - a wand of flame (49)
 g - a wand of digging (9)
 u - a wand of iceblast (4)
 M - a wand of charming (13)
 Y - a wand of mindburst (12)
Scrolls
 c - 2 scrolls of fog
 l - 2 scrolls of poison
 A - 5 scrolls of identify
 D - 2 scrolls of noise
 Q - 3 scrolls of teleportation
 R - a scroll of immolation
 U - 2 scrolls of blinking
 X - a scroll of silence
Potions
 h - 4 potions of attraction
 p - 2 potions of enlightenment
 w - a potion of berserk rage
 B - a potion of magic
 E - a potion of haste
 W - a potion of brilliance


   Skills:
 + Level 7.7 Fighting
 + Level 7.3 Short Blades
 - Level 5.0 Throwing
 + Level 7.1 Dodging
 + Level 8.9 Stealth
 - Level 5.0 Shields
 * Level 6.2 Spellcasting
 * Level 6.8 Hexes


You had 17 spell levels left.
You knew the following spells:

 Your Spells              Type           Power      Damage    Failure   Level
a - Confusing Touch       Hex            40%        N/A       10%         3
b - Jinxbite              Hex            80%        N/A       4%          2

Your spell library contained the following spells:

 Spells                   Type           Power      Damage    Failure   Level
 Ensorcelled Hibernation  Hex/Ice        46%        N/A       21%         2
 Cause Fear               Hex            20%        N/A       32%         4
 Foxfire                  Conj/Fire      28%        2x1d5     47%         1
 Kiss of Death            Conj/Necr      28%        2d7       47%         1
 Shock                    Conj/Air       28%        1d4       47%         1
 Poisonous Vapours        Pois/Air       14%        N/A       63%         2
 Anguish                  Hex/Necr       11%        N/A       78%         4
 Mephitic Cloud           Conj/Pois/Air  7%         N/A       85%         3
 Swiftness                Air            7%         N/A       85%         3
 Airstrike                Air            3%         2d(1-17)  99%         4
 Dispel Undead            Necr           7%         3d8       99%         4
 Freezing Cloud           Conj/Ice/Air   3%         6-21      100%        5
 Plasma Beam              Fire/Air       3%         2x1d13    100%        6
 Starburst                Conj/Fire      3%         6d3       100%        6
 Enfeeble                 Hex            20%        N/A       100%        7


Dungeon Overview and Level Annotations

Branches:
Dungeon (13/15)            Temple (0/1) D:4            Lair (1/5) D:11
    Orc (0/2) D:10        Gauntlet (1/1)
 Vaults: D:13-14

Shops:
D:6 (   D:7 ?   D:10 [=(   D:11 [

Annotations:
D:5 1 runed translucent door, Crazy Yiuf Gauntlet 15 runed translucent doors, 11 transporters


Innate Abilities, Weirdness & Mutations

You have an increased reservoir of magic. (+10% MP)
You shall have no god before yourself.
Your divine heritage dramatically boosts your attributes as you level up.


Message History

The wolf bites you but does no damage. You block the wolf's attack.
The wolf closely misses you.
Casting: Confusing Touch (dangerous; 10% risk of failure)
Confirm with . or Enter, or press ? or * to list all spells.
Your hands begin to glow red.
The wolf bites you but does no damage. The wolf bites you.
The wolf bites you but does no damage. You block the wolf's attack.
The wolf bites you but does no damage. You block the wolf's attack.
The wolf bites you. The wolf closely misses you.
You barely miss the wolf.
The wolf is moderately wounded.
The wolf bites you. The wolf closely misses you. x2
The wolf bites you but does no damage. You block the wolf's attack.
The wolf closely misses you.
You hit the wolf but do no damage.
The wolf is moderately wounded.
The wolf bites you. The wolf closely misses you. The wolf barely misses you.
The wolf bites you. You block the wolf's attack. x2
The wolf bites you but does no damage.
You hit the wolf but do no damage.
The wolf appears confused.
The wolf is moderately wounded.
You block the wolf's attack. The wolf barely misses you. The wolf bites you.
The wolf bites you but does no damage. You block the wolf's attack.
You hit the wolf.
The wolf is heavily wounded.
The wolf closely misses the wolf.
The wolf barely misses you. The wolf closely misses you.
The wolf bites you but does no damage. x2
You block the wolf's attack.
You puncture the wolf!
The wolf is moderately wounded.
The wolf closely misses you. The wolf bites you!
* * * LOW HITPOINT WARNING * * *
The wolf closely misses you. You block the wolf's attack.
Casting: Confusing Touch (dangerous; 10% risk of failure)
Confirm with . or Enter, or press ? or * to list all spells.
Your hands begin to glow red.
The wolf bites you!
* * * LOW HITPOINT WARNING * * *
The wolf misses you. The wolf completely misses you. The wolf bites you!
* * * LOW HITPOINT WARNING * * *
You block the wolf's attack. The wolf bites you!
You die...

########..#...#©#
..#©#.....#..#...#..#..#
..#©#.....#.#.....#.#..≈
########..##..553..##..#
).[©##.#..###########..§
#.^##.5#......#©#......#
##.#.53#......#©#......≈
##.##4#..###########..#
^.#.###..#...Zh@h..#..≈
.##^.##..#....hhh..#..#
##...5#..#..#'''#..#..≈
#######..#''#...#++#..#
..©......#.)'...+..#.§§
.......∩.#..'...+..#.§#
≈#≈#≈#§..#++#'#+#++#..≈
######..#..+...+..#..#
#§..#..+.©.+..#..≈


You could see a ynoxinul, 5 wolves, 2 iron imps and a wolf simulacrum.

Vanquished Creatures
  Erolcha (D:9)
  2 two-headed ogres
  A necromancer (Gauntlet)
  3 ugly things
  A manticore (D:12)
  2 oklob plants (D:11)
  4 centaur zombies (D:12)
  Joseph (D:9)
  3 kobold demonologists
  Psyche (D:11)
  An efreet (D:10)
  5 trolls
  A hornet (D:10)
  A meliai zombie (D:12)
  3 shadows
  5 wraiths
  A vampire (D:12)
  3 wyverns
  8 yaks
  Menkaure (D:7)
  6 vampire mosquitoes
  4 acid dragons
  A water moccasin (Lair:1)
  Duvessa (D:4)
  6 orc warriors
  An ice beast (D:8)
  A black bear (D:6)
  4 wolves
  6 centaurs
  A phantom (D:7)
  2 kobold brigands
  A bullfrog (D:8)
  A gnoll sergeant (D:9)
  3 scorpions
  12 wights
  Dowan (D:4)
  11 killer bees
  2 howler monkeys
  2 hounds
  A jelly (D:4)
  6 orc priests
  4 iguanas
  A sleepcap (D:4)
  11 orc wizards
  Robin (D:2)
  7 gnolls
  8 adders
  A shadow imp (D:5)
  2 white imps (D:6)
  A worm (D:3)
  A dart slug (D:3)
  50 orcs
  4 bats
  7 endoplasms
  4 giant cockroaches
  10 goblins
  11 hobgoblins
  7 jackals
  11 kobolds
  A quokka (D:3)
  4 ball pythons
  3 frilled lizards
  5 rats
275 creatures vanquished.

Vanquished Creatures (others)
  An orc warrior (D:8)
1 creature vanquished.

Grand Total: 276 creatures vanquished

Notes
Turn   | Place    | Note
-------+----------+-------------------------------------------
     0 | D:5      | croobank the Demigod Delver began the quest for the Orb.
     0 | D:5      | Reached XP level 1. HP: 18/18 MP: 3/3
    95 | D:4      | Noticed a hound
   284 | D:2      | Reached XP level 2. HP: 25/25 MP: 4/4
   636 | D:1      | Reached XP level 3. HP: 31/31 MP: 5/5
  1604 | D:2      | Noticed Robin
  1683 | D:2      | Killed Robin
  2110 | D:3      | Reached skill level 5 in Stealth
  2399 | D:3      | Reached XP level 4. HP: 38/38 MP: 6/6
  2779 | D:4      | Reached XP level 5. HP: 19/45 MP: 7/7
  3170 | D:4      | Noticed Duvessa
  3181 | D:4      | Identified a scroll of acquirement
  3181 | D:4      | Acquired the +7 Kryia's mail coat {PotionHeal*2 rC+}
  3181 | D:4      | Found the +7 Kryia's mail coat {PotionHeal*2 rC+}
  3184 | D:4      | Noticed Dowan
  3238 | D:4      | Killed Dowan
  3742 | D:4      | Reached XP level 6. HP: 35/52 MP: 8/8
  4124 | D:4      | Killed Duvessa
  4559 | D:4      | Found a staircase to the Ecumenical Temple.
  5208 | D:5      | Reached skill level 6 in Stealth
  5225 | D:5      | Reached XP level 7. HP: 35/60 MP: 9/9
  5440 | D:5      | Identified the +0 rapier "Vahonijo" {heavy, rElec rPois rF+
                  | Dex-4}
  5838 | D:5      | Found a runed translucent door.
  5839 | D:5      | Noticed Crazy Yiuf
  6066 | D:6      | Found Nokkeph's Weapon Boutique.
  6277 | D:6      | Reached skill level 1 in Throwing
  6587 | D:6      | Reached skill level 5 in Fighting
  6868 | D:6      | Reached XP level 8. HP: 63/66 MP: 10/10
  7369 | D:7      | Noticed Menkaure
  7388 | D:7      | Killed Menkaure
  7721 | D:7      | Reached skill level 5 in Short Blades
  7841 | D:7      | Reached skill level 5 in Dodging
  7945 | D:7      | Found Rayxzel's Magic Scroll Boutique.
  7948 | D:7      | Bought a scroll of noise for 11 gold pieces
  7948 | D:7      | Bought a scroll of identify for 22 gold pieces
  7948 | D:7      | Bought a scroll of immolation for 44 gold pieces
  7948 | D:7      | Bought a scroll of teleportation for 33 gold pieces
  7948 | D:7      | Bought a scroll of enchant armour for 82 gold pieces
  7948 | D:7      | Bought a scroll of enchant armour for 82 gold pieces
  8140 | D:8      | Reached skill level 7 in Stealth
  8140 | D:8      | Reached skill level 1 in Shields
  9488 | D:8      | Learned a level 3 spell: Confusing Touch
  9525 | D:8      | Reached XP level 9. HP: 53/75 MP: 10/12
  9882 | D:8      | Reached skill level 1 in Hexes
 10188 | D:8      | Reached skill level 1 in Spellcasting
 11307 | D:10     | Entered Level 10 of the Dungeon
 11454 | D:9      | Reached skill level 5 in Throwing
 12193 | D:9      | Noticed Erolcha
 12199 | D:9      | Killed Erolcha
 12319 | D:9      | Noticed Joseph
 12502 | D:9      | Killed Joseph
 12652 | D:9      | Upgraded the game from 0.31-a0-889-g1a8549509d to
                  | 0.31-a0-920-g28cbb04a8c
 12862 | D:10     | Reached XP level 10. HP: 76/81 MP: 17/17
 13163 | D:10     | Found Getre's Antique Weapon Emporium.
 13349 | D:10     | Paralysed by a hornet for 2 turns
 13567 | D:10     | Found Bywyh's Antique Armour Emporium.
 13582 | D:10     | Bought a glowing orcbow for 143 gold pieces
 13614 | D:10     | Found Ymyvigin's Jewellery Shop.
 14306 | D:10     | Found a staircase to the Orcish Mines.
 14358 | D:10     | Noticed a two-headed ogre
 14511 | D:10     | Killed a two-headed ogre
 14673 | D:10     | Paralysed by a hornet for 1 turns
 14677 | D:10     | Reached skill level 8 in Stealth
 14785 | D:10     | Reached skill level 5 in Shields
 14884 | D:10     | Bought the ring of the Ancients {rPois rF+ rC+} for 656
                  | gold pieces
 15532 | D:11     | Reached XP level 11. HP: 78/91 MP: 5/21
 15675 | D:11     | Noticed Psyche
 15693 | D:11     | Killed Psyche
 15694 | D:11     | Reached skill level 5 in Hexes
 15792 | D:11     | Found Jeoves's Armour Shoppe.
 15863 | D:11     | Found a staircase to the Lair.
 16111 | D:11     | Reached skill level 5 in Spellcasting
 16661 | D:13     | Noticed a vault guard
 16661 | D:13     | Noticed a vault guard
 16661 | D:13     | Noticed a vault guard
 18016 | D:12     | Noticed a two-headed ogre
 18305 | D:12     | Killed a two-headed ogre
 18850 | Lair:1   | Entered Level 1 of the Lair of Beasts
 18910 | Lair:1   | Learned a level 2 spell: Jinxbite
 19235 | Lair:1   | Found a gate leading to a gauntlet.
 19279 | Gauntlet | Entered a Gauntlet
 19279 | Gauntlet | Noticed a necromancer
 19279 | Gauntlet | Found a large runed translucent door.
 19279 | Gauntlet | Found a large runed translucent door.
 19279 | Gauntlet | Found a large runed translucent door.
 19279 | Gauntlet | Found a large runed translucent door.
 19279 | Gauntlet | Found a transporter.
 19279 | Gauntlet | Found a runed translucent door.
 19279 | Gauntlet | Found a large runed translucent door.
 19279 | Gauntlet | Found a large runed translucent door.
 19279 | Gauntlet | Found a large runed translucent door.
 19279 | Gauntlet | Found a large runed translucent door.
 19279 | Gauntlet | Found a runed translucent gate.
 19279 | Gauntlet | Found a runed translucent gate.
 19279 | Gauntlet | Found a transporter.
 19279 | Gauntlet | Found a transporter.
 19280 | Gauntlet | Found a runed translucent door.
 19280 | Gauntlet | Found a runed translucent gate.
 19281 | Gauntlet | Found a transporter.
 19282 | Gauntlet | Found a transporter.
 19285 | Gauntlet | Found a transporter.
 19291 | Gauntlet | Found a transporter.
 19293 | Gauntlet | Found a transporter.
 19294 | Gauntlet | Found a transporter.
 19296 | Gauntlet | Found a transporter.
 19311 | Gauntlet | Noticed a great orb of eyes
 19314 | Gauntlet | Found a runed translucent door.
 19314 | Gauntlet | Found a runed translucent door.
 19318 | Gauntlet | Found a transporter.
 19318 | Gauntlet | Found a transporter.
 19353 | Gauntlet | Found a large runed translucent door.
 19353 | Gauntlet | Found a large runed translucent door.
 19353 | Gauntlet | Found a large runed translucent door.
 19353 | Gauntlet | Found a large runed translucent door.
 19354 | Gauntlet | Found a large runed translucent door.
 19354 | Gauntlet | Found a large runed translucent door.
 19355 | Gauntlet | Found a large runed translucent door.
 19355 | Gauntlet | Found a large runed translucent door.
 19397 | Gauntlet | Killed a necromancer
 19415 | Gauntlet | Slain by a wolf

Illustrated notes

Levels and vault maps discovered:
D:1:      dpeg_arrival_snail, layout_basic
D:2:      layout_basic, nicolae_ecumenical_oubliette, uniq_robin
D:3:      layout_basic
D:4:      wad_pebble_path, layout_basic, mainiacjoe_overflow_alcove_4,
          minmay_temple_entry_fiery, uniq_duvessa
D:5:      layout_cave_pools, nicolae_overflow_macrodata_refinement,
          uniq_crazy_yiuf_cottage
D:6:      layout_cave_pools, serial_shops, shop
D:7:      layout_basic, serial_shops, nicolae_shop_real_fake_doors,
          uniq_menkaure
D:8:      minmay_goldmine, layout_cave_pods
D:9:      layout_basic, blue_anna_alchemist, uniq_joseph, uniq_erolcha
D:10:     minmay_bloctagon, layout_rooms, minmay_orc_entry_temple_small,
          serial_shops, nicolae_take_the_stairs, shop, shop
D:11:     layout_roguey, dpeg_oklobed_lair, serial_shops, shop,
          minmay_misc_feat_pillars, uniq_psyche
D:12:     layout_rooms, serial_undead, serial_undead_c, serial_undead_e,
          serial_undead_f, serial_undead_f, hangedman_decor_clover_reticule
D:13:     layout_roguey [special_room_bee], erik_vaults_2,
          portal_ice_cave_demonic_guard, serial_shops, shop
Lair:1:   layout_loops_ring, gauntlet_entry_generic,
          nicolae_lair_grove_arrangements, lemuel_fruit_fields,
          serial_bayou_shore_b
Gauntlet: minmay_gauntlet_mixed_big_or_small
          [minmay_gauntlet_arena_make_your_own_arena,
          minmay_gauntlet_arena_77_fan, nicolae_gauntlet_arena_x,
          minmay_gauntlet_arena_77_hold_the_fort, gammafunk_gauntlet_arena_grid,
          minmay_gauntlet_arena_77_shame_cube,
          nicolae_gauntlet_exit_dead_adventurers]

Skill      XL: |  1  2  3  4  5  6  7  8  9 10 11 |
---------------+----------------------------------+-----
Short Blades   | 2 3 4 5 6 7 |  7.3
Dodging        | 2 3 4 5 6 7 |  7.1
Fighting       | 3 4 5 6 7 |  7.7
Stealth        | 5 6 7 8 |  8.9
Throwing       | 2 4 5 |  5.0
Shields        | 2 3 5 |  5.0
Hexes          | 3 4 6 |  6.8
Spellcasting   | 2 4 6 |  6.2

Action                     |  1- 3 |  4- 6 |  7- 9 | 10-12 || total
---------------------------+-------+-------+-------+-------++-------
  Melee: Short sword       |   191 |   357 |    67 |       ||   615
         Punch             |     3 |     2 |    16 |       ||    21
         Spear             |       |     1 |       |       ||     1
         Dagger            |       |       |   953 |   753 ||  1706
  Throw: Dart              |     6 |    14 |    27 |    10 ||    57
         Throwing net      |       |     8 |     1 |       ||     9
         Boomerang         |       |       |    66 |       ||    66
   Cast: Confusing Touch   |       |       |     4 |    97 ||   101
         Jinxbite          |       |       |       |     2 ||     2
  Evoke: Wand              |       |     5 |    18 |     6 ||    29
    Use: Potion            |     1 |     3 |     6 |     2 ||    12
         Scroll            |       |    11 |    12 |     7 ||    30
   Stab: Sleeping          |    13 |     3 |     5 |     3 ||    24
         Distracted        |     1 |       |       |     2 ||     3
         Held in net/web   |       |     2 |       |       ||     2
         Betrayed ally     |       |       |     1 |       ||     1
         Confused          |       |       |     1 |    81 ||    82
 Armour: Leather armour    |    43 |       |       |       ||    43
         Ring mail         |    30 |    84 |       |       ||   114
         Scale mail        |       |   163 |   739 |   580 ||  1482
         Skin              |       |    14 |       |       ||    14
  Dodge: Dodged            |    87 |   163 |   525 |   349 ||  1124
  Block: Buckler           |       |       |    39 |   191 ||   230

Table legend: (Time is in decaauts)
 A = Elapsed time spent in this place.
 B = Non-inter-level travel time spent in this place.
 C = Inter-level travel time spent in this place.
 D = Time resting spent in this place.
 E = Time spent auto-exploring this place.
 F = Levels seen in this place.
 G = Mean time per level.
                   A        B        C        D        E       F      G
               +--------+--------+--------+--------+--------+-----+--------+
         Total |  18921 |  18301 |    620 |   6628 |   6740 |  15 | 1261.4 |
       Dungeon |  18376 |  17791 |    585 |   6497 |   6667 |  13 | 1413.5 |
          Lair |    419 |    384 |     35 |    131 |     73 |   1 |  419.0 |
      Gauntlet |    125 |    125 |      0 |      0 |      0 |   1 |  125.0 |
               +--------+--------+--------+--------+--------+-----+--------+

Top non-repeatable levels by time:
     D:9: 2877 daAuts
     D:8: 2831 daAuts
     D:4: 2084 daAuts
    D:12: 1682 daAuts
    D:11: 1528 daAuts
    D:10: 1373 daAuts
     D:3: 1172 daAuts
     D:5: 1067 daAuts
     D:6: 1022 daAuts
     D:7: 889 daAuts
     D:1: 858 daAuts
     D:2: 772 daAuts
  Lair:1: 419 daAuts
    D:13: 215 daAuts
Gauntlet: 125 daAuts
